 Dungeon Crawl Stone Soup version 0.31.0-12-g77e489cdc1 (webtiles) character file.

Game seed: 10692429896233491342

1753 monsoonserge the Ruffian (level 9, -3/67 HPs)
             Began as a Gnoll Shapeshifter on Feb 29, 2024.
             Slain by a troll (11 damage)
             ... on level 4 of the Dungeon.
             The game lasted 00:16:05 (5573 turns).

monsoonserge the Ruffian (Gnoll Shapeshifter)       Turns: 5573, Time: 00:16:06

Health: -3/67      AC:  9    Str: 24    XL:     9   Next: 6%
Magic:  15/15      EV: 12    Int: 10    God:
Gold:   250        SH:  5    Dex: 11    Spells: 16/16 levels left

rFire   . .          .
                       - Unarmed
rCold   + + .        (no shield)
rNeg    . . .        w - +2 scale mail {rC+}
rPois   .            (helmet currently unavailable)
rElec   .            z - melded +1 cloak
rCorr   .            (gloves currently unavailable)
SInv    .            (boots currently unavailable)
Will    .....        e - amulet of reflection
Stlth   +            x - +6 ring of strength
HPRegen 0.31/turn    I - ring of protection from cold
MPRegen 0.14/turn

%: reflection
@: beast-form
A: beast (slay +4), fangs 1, strong nose, distributed training
a: Begin Untransformation


You were on level 4 of the Dungeon.
You were a hulking beast.
You visited 1 branch of the dungeon, and saw 5 of its levels.
You also visited: Sewer.

You collected 282 gold pieces.
You spent 32 gold pieces at shops.

Inventory:

Missiles
 i - 6 silver javelins
 p - 8 atropa-tipped darts
 y - a throwing net
 C - 8 poisoned darts (quivered)
 K - 2 boomerangs
Armour
 w - a +2 scale mail of cold resistance (worn)
 z - a +1 cloak (melded)
 N - +0 acid dragon scales
Magical Staves
 m - a staff of fire
Jewellery
 e - an amulet of reflection (around neck)
 x - a +6 ring of strength (left hand)
 I - a ring of protection from cold (right hand)
 L - an amulet of faith
Talismans
 c - a beast talisman (active)
 d - a flux talisman
Wands
 v - a wand of digging (5)
 M - a wand of flame (25)
Scrolls
 f - a scroll of fog {unknown}
 g - 2 scrolls of revelation {unknown}
 h - a scroll of immolation {unknown}
 j - 2 scrolls of blinking {unknown}
 n - 2 scrolls of enchant armour {unknown}
 o - 5 scrolls of identify {unknown}
 r - a scroll of amnesia {unknown}
 A - a scroll of enchant weapon {unknown}
 B - 2 scrolls of teleportation {unknown}
 D - a scroll of brand weapon {unknown}
 E - a scroll of poison {unknown}
 G - 3 scrolls of noise {unknown}
 H - a scroll of fear {unknown}
 J - a scroll of torment {unknown}
Potions
 a - 4 potions of heal wounds {unknown}
 b - a potion of lignification
 k - 3 potions of degeneration {unknown}
 l - 2 potions of might {unknown}
 q - 4 potions of berserk rage {unknown}
 s - a potion of brilliance {unknown}
 t - 3 potions of attraction {unknown}
 u - 4 potions of curing {unknown}
 F - a potion of enlightenment {unknown}


   Skills:
 + Level 4.8 Fighting
 + Level 4.0 Short Blades
 + Level 4.0 Long Blades
 + Level 4.0 Axes
 + Level 4.0 Maces & Flails
 + Level 4.0 Polearms
 + Level 4.0 Staves
 + Level 4.0 Ranged Weapons
 + Level 4.0 Throwing
 + Level 4.0 Armour
 + Level 6.1 Dodging
 + Level 4.0 Stealth
 + Level 4.0 Shields
 + Level 7.7 Unarmed Combat
 + Level 4.0 Spellcasting
 + Level 3.3 Conjurations
 + Level 3.3 Hexes
 + Level 3.3 Summonings
 + Level 3.3 Necromancy
 + Level 3.3 Translocations
 + Level 3.3 Fire Magic
 + Level 3.3 Ice Magic
 + Level 3.3 Air Magic
 + Level 3.3 Earth Magic
 + Level 3.3 Alchemy
 + Level 4.4 Invocations
 + Level 4.0 Evocations
 + Level 7.5 Shapeshifting


You had 16 spell levels left.
You didn't know any spells.
Your spell library contained the following spells:

 Spells                   Type           Power      Damage    Failure   Level
 Kiss of Death            Conj/Necr      32%        2d7       16%         1
 Sandblast                Erth           16%        2d6       16%         1
 Call Imp                 Summ           16%        N/A       24%         2
 Ensorcelled Hibernation  Hex/Ice        16%        N/A       24%         2
 Sublimation of Blood     Necr           8%         N/A       24%         2
 Confusing Touch          Hex            8%         N/A       43%         3
 Fugue of the Fallen      Necr           8%         N/A       43%         3
 Passwall                 Erth           8%         N/A       43%         3
 Stone Arrow              Conj/Erth      16%        3d8       43%         3
 Anguish                  Hex/Necr       4%         N/A       83%         4
 Brom's Barrelling Bould  Conj/Erth      8%         2d3       83%         4
 Dispel Undead            Necr           8%         3d8       83%         4
 Summon Forest            Summ/Tloc      4%         N/A       99%         5
 Summon Mana Viper        Hex/Summ       8%         N/A       99%         5
 Summon Cactus Giant      Summ           4%         N/A       100%        6
 Summon Hydra             Summ           4%         N/A       100%        7


Dungeon Overview and Level Annotations

Branches:
Dungeon (5/15)              Sewer (visited)
 Temple: D:4-7

Altars:
Kikubaaqudgha

Shops:
D:1 *   D:5 *

Annotations:
D:5 2 transporters, 4 runed translucent doors, seawaffle's ghost, novice MiFi


Innate Abilities, Weirdness & Mutations

You are a hulking beast.
Your limbs bulge with bestial killing power. (Slay +4)
You have very sharp teeth.
Your uncanny sense of smell can sniff out nearby items.
Your experience applies equally to all skills.


Message History

You block the troll's attack. The troll claws you. The troll claws you!
You hit the troll.
The troll is lightly wounded.
The troll barely misses you. You block the troll's attack.
The troll closely misses you.
You hit the troll. You punch the troll.
The troll is lightly wounded.
The troll bites you! You block the troll's attack.
The troll claws you but does no damage.
You hit the troll but do no damage.
The troll is lightly wounded.
The troll barely misses you. The troll claws you but does no damage.
The troll claws you.
You barely miss the troll. You punch the troll!
The troll is moderately wounded.
You barely miss the troll.
The troll is moderately wounded.
You block the troll's attack. The troll claws you.
The troll claws you but does no damage.
You punch the troll! Your punch misses the troll.
The troll is severely wounded.
You block the troll's attack. The troll claws you.
The troll claws you but does no damage.
You punch the troll! Your bite misses the troll.
The troll is almost dead.
The troll completely misses you. You block the troll's attack.
The troll claws you.
You hit the troll.
The troll is almost dead.
The troll bites you. You block the troll's attack. The troll claws you!
* * * LOW HITPOINT WARNING * * *
You hit the troll. You bite the troll, but do no damage.
The troll is almost dead.
You block the troll's attack. The troll claws you but does no damage.
The troll claws you!
* * * LOW HITPOINT WARNING * * *
You completely miss the troll.
The troll is almost dead.
The troll bites you!
You die...

#####.....######
#####...†......."...
#####.....##############
#.........#~~~~~~~# #
######.##......#~.....~# #
#......##......#~.....~######
#......##......#~.....~##....
#.....###.###T##~.....~'..###
#......##...h..#~.....~#### #
###....#########~.....~#
####)####### #~~~~~~~#
#..))#....# #########
#....#.##.### #.....##
###....#.#....# #####..#
#......<.####.# ###.##
#........# #.# #....####
#........####.### #...))..#


You could see a troll.

Vanquished Creatures
  Prince Ribbit (D:5)
  An acid dragon (D:5)
  An ice beast (D:4)
  2 phantoms
  2 brain worms (Sewer)
  A wyvern zombie (D:5)
  3 scorpions
  4 howler monkeys
  3 bombardier beetles
  A jelly (D:4)
  3 orc priests
  2 iguanas (D:5)
  A sleepcap (D:5)
  An orc wizard (D:5)
  A howler monkey zombie (D:5)
  4 gnolls (D:4)
  11 adders
  6 river rats (Sewer)
  7 dart slugs
  2 ribbon worms
  20 orcs
  11 ball pythons
  6 endoplasms
  4 giant cockroaches
  11 goblins
  11 hobgoblins
  10 jackals
  7 quokkas
  8 bats
  5 frilled lizards
  4 kobolds
  8 rats
162 creatures vanquished.

Notes
Turn   | Place    | Note
-------+----------+-------------------------------------------
     0 | D:1      | monsoonserge the Gnoll Shapeshifter began the quest for the
                  | Orb.
     0 | D:1      | Reached XP level 1. HP: 17/17 MP: 1/1
   131 | D:1      | Reached XP level 2. HP: 21/23 MP: 2/2
   630 | D:1      | Reached XP level 3. HP: 26/28 MP: 3/3
   745 | D:1      | Reached skill level 1 in Invocations
   785 | D:1      | Found Naos's Assorted Antiques.
   806 | D:1      | Bought a bubbling puce potion for 15 gold pieces
   806 | D:1      | Bought a scroll labelled BEUBRU XUL AJO for 17 gold pieces
  1109 | D:2      | Reached skill level 1 in Short Blades
  1109 | D:2      | Reached skill level 1 in Long Blades
  1109 | D:2      | Reached skill level 1 in Axes
  1109 | D:2      | Reached skill level 1 in Maces & Flails
  1109 | D:2      | Reached skill level 1 in Polearms
  1109 | D:2      | Reached skill level 1 in Staves
  1109 | D:2      | Reached skill level 1 in Ranged Weapons
  1109 | D:2      | Reached skill level 1 in Throwing
  1109 | D:2      | Reached skill level 1 in Armour
  1109 | D:2      | Reached skill level 1 in Stealth
  1109 | D:2      | Reached skill level 1 in Shields
  1109 | D:2      | Reached skill level 1 in Spellcasting
  1109 | D:2      | Reached skill level 1 in Evocations
  1341 | D:2      | Reached XP level 4. HP: 32/34 MP: 5/5
  1862 | D:2      | Reached skill level 1 in Conjurations
  1862 | D:2      | Reached skill level 1 in Hexes
  1862 | D:2      | Reached skill level 1 in Summonings
  1862 | D:2      | Reached skill level 1 in Necromancy
  1862 | D:2      | Reached skill level 1 in Translocations
  1862 | D:2      | Reached skill level 1 in Fire Magic
  1862 | D:2      | Reached skill level 1 in Ice Magic
  1862 | D:2      | Reached skill level 1 in Air Magic
  1862 | D:2      | Reached skill level 1 in Earth Magic
  1862 | D:2      | Reached skill level 1 in Alchemy
  2170 | D:3      | Reached XP level 5. HP: 37/40 MP: 5/7
  3043 | D:4      | Noticed an ice beast
  3053 | D:4      | Reached XP level 6. HP: 41/47 MP: 8/8
  3061 | D:4      | Reached skill level 5 in Dodging
  3069 | D:4      | Killed an ice beast
  3134 | D:4      | Reached XP level 7. HP: 52/52 MP: 10/10
  3849 | D:5      | Entered Level 5 of the Dungeon
  3880 | D:5      | Found a glowing drain.
  3906 | D:5      | Reached XP level 8. HP: 27/60 MP: 12/12
  3958 | Sewer    | Entered a sewer
  4802 | D:5      | Found Fueliar's Fire Supplies.
  4839 | D:5      | Found a transporter.
  4839 | D:5      | Noticed seawaffle's ghost (novice MiFi)
  4862 | D:5      | Noticed Prince Ribbit
  4884 | D:5      | Killed Prince Ribbit
  5069 | D:5      | Found a transporter.
  5113 | D:5      | Found a large runed translucent door.
  5113 | D:5      | Found a large runed translucent door.
  5128 | D:5      | Found an ancient bone altar of Kikubaaqudgha.
  5336 | D:5      | Reached XP level 9. HP: 32/66 MP: 14/14
  5483 | D:5      | Found a large runed translucent door.
  5483 | D:5      | Found a large runed translucent door.
  5539 | D:5      | Noticed a troll
  5573 | D:4      | Slain by a troll

Illustrated notes

Levels and vault maps discovered:
D:1:      co_arrival_random_square_maze, layout_basic, serial_shops,
          nicolae_shop_waterfront, serial_bayou_lake_a
D:2:      minmay_chambers_of_ones, layout_loops_ring
D:3:      layout_loops_ring, serial_rivers, chequers_serial_rivers_small_3,
          chequers_serial_rivers_micro_a, chequers_serial_rivers_small_b,
          chequers_serial_rivers_micro_a, chequers_serial_rivers_small_b,
          chequers_serial_rivers_room_b
D:4:      minmay_wonky_spiral, layout_basic, dk_vineyard_1, minmay_between
D:5:      layout_gridville, lemuel_tele_altar, lemuel_zombie_altar_yredelemnul,
          gammafunk_ghost_mausoleum, portal_sewer_entry_a,
          nicolae_shop_fire_sale [nicolae_sub_dead_trees],
          minmay_hollow_rounded_squares, uniq_prince_ribbit1

Skill      XL: |  1  2  3  4  5  6  7  8  9 |
---------------+----------------------------+-----
Invocations    | 1 2 3 4 |  4.4
Short Blades   | 1 2 3 4 |  4.0
Long Blades    | 1 2 3 4 |  4.0
Axes           | 1 2 3 4 |  4.0
Maces & Flails | 1 2 3 4 |  4.0
Polearms       | 1 2 3 4 |  4.0
Staves         | 1 2 3 4 |  4.0
Ranged Weapons | 1 2 3 4 |  4.0
Throwing       | 1 2 3 4 |  4.0
Armour         | 1 2 3 4 |  4.0
Stealth        | 1 2 3 4 |  4.0
Shields        | 1 2 3 4 |  4.0
Spellcasting   | 1 2 3 4 |  4.0
Evocations     | 1 2 3 4 |  4.0
Conjurations   | 1 2 3 |  3.3
Hexes          | 1 2 3 |  3.3
Summonings     | 1 2 3 |  3.3
Necromancy     | 1 2 3 |  3.3
Translocations | 1 2 3 |  3.3
Fire Magic     | 1 2 3 |  3.3
Ice Magic      | 1 2 3 |  3.3
Air Magic      | 1 2 3 |  3.3
Earth Magic    | 1 2 3 |  3.3
Alchemy        | 1 2 3 |  3.3
Fighting       | 3 4 |  4.8
Dodging        | 5 6 |  6.1
Unarmed Combat | 7 |  7.7
Shapeshifting  | 7 |  7.5

Action                     |  1- 3 |  4- 6 |  7- 9 || total
---------------------------+-------+-------+-------++-------
  Melee: Unarmed           |    65 |   154 |   222 ||   441
         Bite              |     4 |    15 |    22 ||    41
         Punch             |     3 |     4 |    13 ||    20
  Throw: Dart              |       |       |     6 ||     6
    Use: Potion            |       |     1 |       ||     1
   Stab: Sleeping          |     1 |       |       ||     1
 Armour: Animal skin       |    27 |       |       ||    27
         Skin              |     2 |    14 |       ||    16
         Ring mail         |       |    31 |       ||    31
         Scale mail        |       |     9 |   105 ||   114
  Dodge: Dodged            |    38 |    64 |    85 ||   187
  Block: Other             |    17 |    25 |    38 ||    80
         Reflection        |     1 |       |     1 ||     2
   Form: Flux              |     2 |     1 |     1 ||     4
         Beast             |     1 |     2 |     1 ||     4
